 Dungeon Crawl Stone Soup version 0.31.0-32-g396128a36d (webtiles) character file.

Game seed: 530826068619669266

30121 Cornflakes the Geomancer (level 13, -3/73 HPs)
             Began as a Gargoyle Earth Elementalist on Mar 6, 2024.
             Was a High Priest of Vehumet.
             Slain by an ice devil (9 damage)
             ... in an ice cave on Apr 2, 2024.
             The game lasted 01:36:29 (15902 turns).

Cornflakes the Geomancer (GrEE)                    Turns: 15902, Time: 01:36:30

Health: -3/73      AC: 15    Str: 12    XL:     13   Next: 49%
Magic:  14/29      EV: 12    Int: 21    God:    Vehumet [*****.]
Gold:   756        SH:  5    Dex: 10    Spells: 4/36 levels left

rFire   + . .        B - +8 double sword of Gluttony {venom, Fly SInv}
rCold   . . .        (no shield)
rNeg    + . .        I - +2 robe {rC+}
rPois   ∞            v - +2 hat
rElec   +            (no cloak)
rCorr   .            (no gloves)
SInv    +            (no boots)
Will    .....        y - amulet of reflection
Stlth   +++          f - ring of see invisible
HPRegen 1.12/turn    p - ring of fire
MPRegen 0.21/turn

%: reflection
@: flying
A: sickness immunity, AC +9, negative energy resistance 1, electricity
resistance, torment resistance 1, petrification resistance, regeneration 1,
teleportitis 1
a: Renounce Religion


You were in an ice cave.
You worshipped Vehumet.
Vehumet was extremely pleased with you.
You visited 3 branches of the dungeon, and saw 15 of its levels.
You also visited: Bailey and Ice Cave.

You collected 756 gold pieces.

Inventory:

Hand Weapons
 e - a +0 quarterstaff
 w - a +1 dagger of chaos
 B - the +8 double sword of Gluttony (weapon) {venom, Fly SInv}
   (You found it on level 6 of the Dungeon)

   SInv:      It lets you see invisible.
   Fly:       It grants you flight.
Missiles
 k - 3 throwing nets
Armour
 a - a +0 robe
 v - a +2 hat (worn)
 I - a +2 robe of cold resistance (worn)
 P - a +1 chain mail of willpower
 R - +0 acid dragon scales
 U - +0 acid dragon scales
Jewellery
 f - a ring of see invisible (left hand)
 p - a ring of fire (right hand)
 q - a ring of positive energy
 y - an amulet of reflection (around neck)
 F - a ring of fire
 H - a ring of ice
Talismans
 s - a maw talisman
Wands
 t - a wand of paralysis (15)
 A - a wand of flame (47)
 D - a wand of digging (6)
 T - a wand of quicksilver (5)
Scrolls
 d - 2 scrolls of torment {unknown}
 g - a scroll of silence
 i - 2 scrolls of immolation
 j - 5 scrolls of enchant armour
 l - a scroll of butterflies {unknown}
 n - 3 scrolls of teleportation
 o - 4 scrolls of noise
 u - a scroll of enchant weapon {unknown}
 z - 3 scrolls of blinking
 C - a scroll of amnesia
 G - a scroll of poison {unknown}
 J - a scroll of revelation
 L - a scroll of brand weapon {unknown}
 N - 3 scrolls of fog
Potions
 b - 2 potions of magic
 c - a potion of mutation
 h - a potion of heal wounds
 m - 3 potions of degeneration {unknown}
 r - 7 potions of curing
 x - a potion of ambrosia {unknown}
 E - 5 potions of haste {unknown}
 K - a potion of berserk rage {unknown}
 O - 2 potions of invisibility {unknown}
 Q - a potion of enlightenment {unknown}
 S - a potion of lignification {unknown}
Miscellaneous
 M - a sack of spiders


   Skills:
 + Level 5.5 Fighting
 - Level 4.0 Long Blades
 - Level 1.6 Dodging
 - Level 5.1 Stealth
 - Level 12.0 Spellcasting
 - Level 10.0 Conjurations
 - Level 4.0 Summonings
 - Level 4.0 Ice Magic
 - Level 4.0 Air Magic
 - Level 12.0 Earth Magic
 - Level 5.0 Alchemy
 - Level 4.0 Evocations


You had 4 spell levels left.
You knew the following spells:

 Your Spells              Type           Power      Damage    Failure   Level
b - Stone Arrow           Conj/Erth      100%       3d13      1%          3
c - Brom's Barrelling Bo  Conj/Erth      56%        2d7       1%          4
d - Passwall              Erth           58%        N/A       1%          3
e - Searing Ray           Conj           100%       2d8       1%          2
f - Olgreb's Toxic Radia  Alch           33%        N/A       1%          4
g - Call Canine Familiar  Summ           29%        N/A       3%          3
h - Freezing Cloud        Conj/Ice/Air   18%        6-21      3%          5
i - Airstrike             Air            14%        2d(3-19)  2%          4
j - Petrify               Alch/Erth      48%        N/A       1%          4

Your spell library contained the following spells:

 Spells                   Type           Power      Damage    Failure   Level
 Kiss of Death            Conj/Necr      100%       2d13      1%          1
 Sandblast                Erth           100%       2d20      1%          1
 Shock                    Conj/Air       100%       1d9       1%          1
 Mercury Vapours          Alch/Air       62%        N/A       1%          2
 Mephitic Cloud           Conj/Alch/Air  39%        N/A       1%          3
 Animate Armour           Summ/Erth      92%        N/A       1%          4
 Swiftness                Air            29%        N/A       3%          3
 Apportation              Tloc           24%        N/A       5%          1
 Jinxbite                 Hex            24%        N/A       8%          2
 Confusing Touch          Hex            12%        N/A       16%         3
 Sigil of Binding         Hex            12%        N/A       16%         3
 Dimensional Bullseye     Hex/Tloc       6%         N/A       45%         4
 Dispel Undead            Necr           12%        3d9       45%         4
 Alistair's Intoxication  Alch           22%        N/A       19%         5
 Lehudib's Crystal Spear  Conj/Erth      28%        10d7      65%         8


Dungeon Overview and Level Annotations

Branches:
Dungeon (12/15)            Temple (1/1) D:4            Lair (2/5) D:8
  Swamp (0/4) Lair:2          Orc (0/2) D:10         Bailey (visited)
  IceCv (1/1)
  Snake: Lair:2-3    Spider: Lair:2-3

Altars:
Ashenzari
Cheibriados
Dithmenos
Elyvilon
Fedhas
Gozag
Hepliaklqana
Kikubaaqudgha
Makhleb
Nemelex Xobeh
Okawaru
Qazlal
Ru
Sif Muna
Trog
Uskayaw
Vehumet
Wu Jian
Xom
Yredelemnul
Zin
The Shining One

Shops:
D:4 :   D:6 (

Annotations:
D:5 1 runed translucent door, Crazy Yiuf
D:8 exclusion: ice statue
Lair:1 exclusion: oklob plant
Lair:2 3 runed translucent doors, AbbaRin's ghost, novice DECj


Innate Abilities, Weirdness & Mutations

You are immune to sickness and miasma.
Your stone body is resilient. (AC +9)
You are immune to poison.
You resist negative energy. (rN+)
You are resistant to electric shocks. (rElec)
You are resistant to unholy torment.
You are immune to petrification.
Your natural rate of healing is unusually fast.
You are occasionally teleported next to monsters.


Message History

The cane toad simulacrum is severely damaged.
You block the ice devil's attack.
Casting: Searing Ray (safe; 1% risk of failure)
Confirm with . or Enter, or press ? or * to list all spells.
Restarting spell: Searing Ray (safe; 1% risk of failure)
Press: ? - help, Shift-Dir - straight line, f - ice devil
Aim: an ice devil (moderately wounded, 83% to hit)
The searing ray misses the ice devil.
The searing ray hits the ice devil!
The ice devil is severely wounded. (Press . to maintain the ray.)
The ice devil closely misses you.
The searing ray hits the ice devil.
The ice devil is almost dead.
The searing ray hits the ice devil!
The ice devil is almost dead.
The ice devil misses you. The ice devil hits you. The ice devil freezes you!
The searing ray hits the ice devil but does no damage.
The ice devil is almost dead.
The ice devil hits you but does no damage.
The ice devil barely misses you.
The searing ray misses the ice devil.
You finish channelling your searing ray.
The ice devil hits you but does no damage. x3
The ice devil closely misses you. The ice devil hits you!
The ice devil freezes you!!
* * * LOW HITPOINT WARNING * * *
You block the ice devil's attack.
Casting: Searing Ray (safe; 1% risk of failure)
Confirm with . or Enter, or press ? or * to list all spells.
Aiming: Stone Arrow (safe; 1% risk of failure)
Press: ? - help, Shift-Dir - straight line, f/p - ice devil
Aim: an ice devil (almost dead, 78% to hit)
The stone arrow misses the ice devil.
The ice devil completely misses you. You block the ice devil's attack.
The ice devil hits you but does no damage.
You feel much better. You block the ice devil's attack. The ice devil hits you.
The ice devil freezes you!!
* * * LOW HITPOINT WARNING * * *
The ice devil hits you!
You die...

......⌠.......#
..............#
..............#
.............#
.............#
#...........#
#...ZZ# ##.44##
#.4@## ##...#
##...# #...##
##...##
##.....##
#...∩...#
#...∩...#
##.....##


You could see 3 ice devils, a cane toad simulacrum and a polar bear simulacrum.

Vanquished Creatures
  2 vault guards (Bailey)
  Fannar (Lair:1)
  Erolcha (D:10)
  Harold (D:9)
  2 two-headed ogres (D:10)
  The ghost of erfael the Severer, a novice MiBe of Trog (D:10)
  2 slime creatures (D:12)
  2 spriggan druids (Lair:2)
  A deep elf pyromancer (D:12)
  An ugly thing (D:12)
  2 cyclopes
  2 black mambas
  4 cane toads
  A freezing wraith (D:12)
  An unseen horror (D:12)
  5 komodo dragons
  6 rime drakes
  4 trolls
  A polar bear (D:8)
  6 hornets
  A blink frog (Bailey)
  Prince Ribbit (D:8)
  A vampire (D:11)
  2 wyverns
  3 wraiths (D:10)
  A centaur simulacrum (D:12)
  5 humans (Bailey)
  Eustachio (D:6)
  32 yaks
  4 vampire mosquitoes (D:11)
  2 acid dragons
  3 water moccasins
  5 orc warriors
  3 ice beasts
  A sky beast (D:8)
  3 black bears
  2 ogres (D:7)
  A centaur (D:9)
  2 phantoms (D:4)
  14 wolves
  Blork the orc (D:6)
  19 bullfrogs
  A gnoll sergeant (D:6)
  A scorpion (D:7)
  A wight (D:6)
  29 killer bees
  A howler monkey (D:11)
  4 crimson imps (D:5)
  2 hounds
  3 orc priests
  10 orc wizards
  A spriggan simulacrum (IceCv)
  Robin (D:4)
  4 gnolls (D:5)
  5 adders
  A naga simulacrum (IceCv)
  A shadow imp (D:7)
  A white imp (D:8)
  4 ufetubi
  3 dart slugs
  A ribbon worm (D:2)
  25 orcs
  6 ball pythons
  12 bats
  6 endoplasms (D:1)
  21 goblins
  18 hobgoblins
  4 jackals (D:4)
  3 quokkas
  2 frilled lizards (D:1)
  10 kobolds
  4 rats
338 creatures vanquished.

Vanquished Creatures (collateral kills)
  3 boulders
3 creatures vanquished.

Vanquished Creatures (others)
  A manticore (D:11)
  2 boulders (D:5)
3 creatures vanquished.

Grand Total: 344 creatures vanquished

Notes
Turn   | Place    | Note
-------+----------+-------------------------------------------
     0 | D:1      | Cornflakes the Gargoyle Earth Elementalist began the quest
                  | for the Orb.
     0 | D:1      | Reached XP level 1. HP: 10/10 MP: 3/3
   160 | D:1      | Reached XP level 2. HP: 15/15 MP: 3/5
   550 | D:1      | Reached XP level 3. HP: 19/19 MP: 2/6
   816 | D:2      | Learned a level 3 spell: Stone Arrow
  1507 | D:3      | Reached XP level 4. HP: 24/24 MP: 5/7
  1639 | D:3      | Found a blossoming altar of Fedhas.
  2076 | D:3      | Upgraded the game from 0.31.0-12-g77e489cdc1 to
                  | 0.31.0-32-g396128a36d
  2459 | D:4      | Found Itosch's Book Emporium.
  2622 | D:4      | Found a glowing golden altar of the Shining One.
  2628 | D:4      | Reached XP level 5. HP: 28/28 MP: 7/9
  2652 | D:4      | Noticed Robin
  2733 | D:4      | Killed Robin
  2870 | D:4      | Found a staircase to the Ecumenical Temple.
  2884 | Temple   | Entered the Ecumenical Temple
  2906 | Temple   | Became a worshipper of Vehumet
  2918 | D:4      | Noticed a phantom
  2928 | D:4      | Killed a phantom
  2929 | D:4      | Reached XP level 6. HP: 20/32 MP: 2/12
  3034 | D:4      | Reached skill level 5 in Earth Magic
  3606 | D:5      | Entered Level 5 of the Dungeon
  3606 | D:5      | Found a sparkling altar of Nemelex Xobeh.
  3606 | D:5      | Found a glowing silver altar of Zin.
  3606 | D:5      | Found an iron altar of Okawaru.
  3606 | D:5      | Found a basalt altar of Yredelemnul.
  3606 | D:5      | Found an ancient bone altar of Kikubaaqudgha.
  3606 | D:5      | Found an ornate altar of the Wu Jian Council.
  3981 | D:5      | Noticed a water moccasin
  3986 | D:5      | Killed a water moccasin
  3987 | D:5      | Reached XP level 7. HP: 36/36 MP: 3/13
  4105 | D:5      | Found a runed translucent door.
  4106 | D:5      | Noticed Crazy Yiuf
  4131 | D:5      | Found a shimmering altar of Xom.
  4135 | D:5      | Reached * piety under Vehumet
  4135 | D:5      | Offered knowledge of Magic Dart by Vehumet.
  4400 | D:5      | Learned a level 4 spell: Brom's Barrelling Boulder
  4982 | D:6      | Noticed Blork the orc
  4984 | D:6      | Noticed Eustachio
  5037 | D:6      | Noticed a wyvern
  5040 | D:6      | Killed a wyvern
  5041 | D:6      | Reached skill level 5 in Spellcasting
  5041 | D:6      | Reached XP level 8. HP: 41/41 MP: 7/15
  5212 | D:6      | Reached skill level 1 in Fighting
  5408 | D:6      | Killed Eustachio
  5410 | D:6      | Killed Blork the orc
  5681 | D:6      | Reached skill level 5 in Stealth
  5681 | D:6      | Reached skill level 5 in Conjurations
  5685 | D:6      | Learned a level 3 spell: Passwall
  5778 | D:6      | Found Foczax's Weapon Shop.
  5814 | D:6      | Identified the +8 double sword of Gluttony {venom, Fly
                  | SInv}
  5924 | D:6      | Noticed a hornet
  5929 | D:6      | Killed a hornet
  5930 | D:6      | Reached XP level 9. HP: 48/48 MP: 11/18
  6849 | D:7      | Noticed a hornet
  6853 | D:7      | Killed a hornet
  7484 | D:8      | Reached XP level 10. HP: 53/53 MP: 12/22
  7745 | D:8      | Noticed Prince Ribbit
  7750 | D:8      | Killed Prince Ribbit
  7751 | D:8      | Reached skill level 10 in Earth Magic
  7849 | D:8      | Offered knowledge of Foxfire by Vehumet.
  7857 | D:8      | Reached ** piety under Vehumet
  7994 | D:8      | Found a broken altar of Ashenzari.
  8153 | D:8      | Noticed an ice statue
  8608 | D:8      | Found a staircase to the Lair.
  8725 | D:8      | Offered knowledge of Searing Ray by Vehumet.
  8820 | D:8      | Learned a level 2 spell: Searing Ray
  9116 | Lair:1   | Entered Level 1 of the Lair of Beasts
  9135 | Lair:1   | Reached XP level 11. HP: 57/57 MP: 16/24
  9259 | Lair:1   | Reached skill level 10 in Spellcasting
  9381 | Lair:1   | Noticed an oklob plant
  9454 | Lair:1   | Noticed Fannar
  9462 | Lair:1   | Killed Fannar
  9802 | Lair:1   | Reached *** piety under Vehumet
 10179 | Lair:1   | Offered knowledge of Olgreb's Toxic Radiance by Vehumet.
 10185 | Lair:1   | Learned a level 4 spell: Olgreb's Toxic Radiance
 10305 | Lair:1   | Reached skill level 1 in Alchemy
 10710 | Lair:2   | Found a runed translucent gate.
 10711 | Lair:2   | Found a runed translucent gate.
 10712 | Lair:2   | Found a runed translucent gate.
 11074 | Lair:2   | Reached skill level 1 in Long Blades
 11080 | Lair:2   | Noticed a spriggan druid
 11082 | Lair:2   | Gained mutation: You are occasionally teleported next to
                  | monsters. [potion of mutation]
 11082 | Lair:2   | Gained mutation: Your natural rate of healing is unusually
                  | fast. [potion of mutation]
 11083 | Lair:2   | Noticed a spriggan druid
 11100 | Lair:2   | Noticed AbbaRin's ghost (novice DECj)
 11241 | Lair:2   | Reached XP level 12. HP: 43/64 MP: 15/28
 11679 | Lair:2   | Reached skill level 5 in Alchemy
 11828 | Lair:2   | Found a staircase to the Swamp.
 12106 | Lair:2   | Learned a level 3 spell: Call Canine Familiar
 12200 | D:9      | Reached skill level 1 in Summonings
 12214 | D:9      | Reached **** piety under Vehumet
 12229 | D:9      | Noticed Harold
 12341 | D:9      | Found a flagged portal.
 12350 | Bailey   | Entered a bailey
 12458 | Bailey   | Offered knowledge of Inner Flame by Vehumet.
 12543 | Bailey   | Reached skill level 5 in Fighting
 12593 | Bailey   | Noticed a vault guard
 12600 | Bailey   | Killed a vault guard
 12607 | Bailey   | Learned a level 5 spell: Freezing Cloud
 12660 | Bailey   | Noticed a vault guard
 12679 | Bailey   | Killed a vault guard
 12680 | Bailey   | Reached skill level 1 in Air Magic
 12779 | D:9      | Killed Harold
 13392 | D:10     | Entered Level 10 of the Dungeon
 13468 | D:10     | Noticed a two-headed ogre
 13472 | D:10     | Killed a two-headed ogre
 13553 | D:10     | Reached skill level 1 in Ice Magic
 13625 | D:10     | Noticed a two-headed ogre
 13630 | D:10     | Killed a two-headed ogre
 13631 | D:10     | Reached XP level 13. HP: 72/72 MP: 15/29
 13982 | D:10     | Found a large runed translucent door.
 13982 | D:10     | Found a large runed translucent door.
 13983 | D:10     | Noticed erfael's ghost (novice MiBe)
 14023 | D:10     | Found a staircase to the Orcish Mines.
 14144 | D:10     | Noticed Erolcha
 14151 | D:10     | Killed Erolcha
 14536 | D:10     | Killed erfael's ghost
 14778 | D:11     | Reached skill level 1 in Evocations
 14911 | D:11     | Reached ***** piety under Vehumet
 14918 | D:11     | Offered knowledge of Airstrike by Vehumet.
 14926 | D:11     | Learned a level 4 spell: Airstrike
 15060 | D:11     | Learned a level 4 spell: Petrify
 15743 | D:12     | Reached skill level 10 in Conjurations
 15825 | D:12     | Found a frozen archway.
 15842 | IceCv    | Entered an ice cave
 15900 | IceCv    | HP: 3/73 [ice devil (20)]
 15902 | IceCv    | Slain by an ice devil

Illustrated notes

Levels and vault maps discovered:
D:1:      lightli_arrival_noodles, layout_rooms
D:2:      layout_loops_cross
D:3:      layout_basic, fedhas_altar_4, grunt_ministairs_13,
          minmay_goblin_outpost
D:4:      layout_cave_pools, amcnicky_altar_gilded,
          minmay_temple_entry_statues_fountains, serial_shops, shop,
          roderic_batcave, minmay_misc_feat_hallway, uniq_robin
D:5:      layout_basic, grunt_temple_overflow_open, led_xom_imps,
          nicolae_figureground_sparkle, uniq_crazy_yiuf_cottage
D:6:      layout_loops_ring, serial_shops, shop, sword_in_stone
D:7:      layout_basic
D:8:      minmay_statue_hallways, layout_gridville,
          mainiacjoe_overflow_surrounded_room, hellmonk_lair_entry_icy,
          uniq_prince_ribbit1
D:9:      layout_gridville, enter_bailey_1, minmay_misc_feat_roman,
          kennysheep_crisscross, dreamdust_princess_corridor, uniq_harold
D:10:     layout_basic, orc_0_dummy, ebering_ghost_disaster_area,
          lemuel_flame_loot_1, uniq_erolcha
D:11:     layout_roguey
D:12:     layout_basic, portal_ice_cave_entry_pillars_1
Temple:   nicolae_temple_x_marks_the_god
Lair:1:   layout_misc_corridors, grunt_megastairs_2, uniq_fannar
Lair:2:   layout_gridlike, mainiacjoe_swamp_entry_angry_trees,
          gammafunk_ghost_icy, lemuel_fruit_tree
IceCv:    ice_cave_tombish

Skill      XL: |  1  2  3  4  5  6  7  8  9 10 11 12 13 |
---------------+----------------------------------------+-----
Earth Magic    | 4 7 8 9 12 | 12.0
Conjurations   | 2 3 4 6 8 10 | 10.0
Spellcasting   | 4 5 6 8 9 12 | 12.0
Fighting       | 2 5 |  5.5
Stealth        | 5 |  5.1
Alchemy        | 3 5 |  5.0
Long Blades    | 1 4 |  4.0
Summonings     | 4 |  4.0
Air Magic      | 4 |  4.0
Ice Magic      | 3 4 |  4.0
Evocations     | 4 |  4.0
Dodging        | |  1.6

Action                     |  1- 3 |  4- 6 |  7- 9 | 10-12 | 13-15 || total
---------------------------+-------+-------+-------+-------+-------++-------
  Melee: Quarterstaff      |       |    21 |    10 |       |       ||    31
         Double sword      |       |       |       |    21 |     1 ||    22
         Punch             |       |       |       |     1 |       ||     1
   Cast: Sandblast         |    48 |    94 |    30 |    23 |       ||   195
         Stone Arrow       |       |    14 |    66 |   193 |    68 ||   341
         Brom's Barrelling |       |       |     4 |     1 |       ||     5
         Passwall          |       |       |     2 |       |       ||     2
         Searing Ray       |       |       |       |    21 |     4 ||    25
         Olgreb's Toxic Ra |       |       |       |     9 |     9 ||    18
         Freezing Cloud    |       |       |       |     1 |    11 ||    12
         Call Canine Famil |       |       |       |       |     3 ||     3
    Use: Scroll            |       |     4 |     4 |     6 |     3 ||    17
         Potion            |       |       |       |     5 |     4 ||     9
 Armour: Robe              |     5 |    55 |    28 |   126 |    68 ||   282
  Dodge: Dodged            |     4 |    56 |    35 |   119 |    36 ||   250
  Block: Other             |       |       |    13 |    43 |    10 ||    66
         Reflection        |       |       |       |       |     1 ||     1
